Mandevil, neutral female gnomish Wizard ----------- |...<.....| #..........| ---------- ###|.........| .....`...| # |.........| |........|# ### -------.--- +........|# # |.........### YG...'...|# |........| ------.--- Mandevil the Thaumaturge Experience level: 9 Strength: 12 Dexterity: 12 Constitution: 18 Intelligence: 19 Wisdom: 12 Charisma: 10 Health: 0(80) Energy: 28(84) AC: 5 Gold: 0 Moves: 7589 Your Inventory: Weapons a - the uncursed rustproof +0 Magicbane (weapon in hand) f - 3 uncursed +0 runed daggers [elven] P - 10 uncursed +0 daggers (in quiver) Armor b - an uncursed +0 cloak of magic resistance (being worn) u - a blessed +1 mummy wrapping M - a [cursed +0] pair of jackboots [high] N - an [uncursed +0] small shield T - an [uncursed +0] leather hat [elven leather helm] U - a blessed +0 iron skull cap [orcish helm] (being worn) W - a blessed +1 leather armor [of searching] (being worn) Comestibles j - 3 uncursed food rations o - an uncursed eucalyptus leaf r - an uncursed lichen corpse G - an [uncursed] lizard corpse O - an [uncursed] C-ration Potions Q - an [uncursed] potion called object detection [of object detection] Rings e - an uncursed ring of invisibility Wands c - an uncursed wand of cold (0:4) C - an uncursed wand of light [0:10] F - a blessed wand of death [0:6] S - an [uncursed] wand of striking [0:6] V - an uncursed wand of light [0:12] Tools h - an uncursed bag called bag of holding [of holding] k - an uncursed key [skeleton key] w - an uncursed magic whistle y - an uncursed [+0] unicorn horn D - an [uncursed] horn [(of plenty) (0:13)] H - an uncursed bag called sack [sack] Gems q - 2 uncursed red gems [worthless glass] B - an [uncursed] green gem [aquamarine] Contents of the bag of holding: 860 gold pieces a blessed +1 quarterstaff an uncursed [+0] mummy wrapping an uncursed lembas wafer an uncursed scroll labeled DAIYEN FOOELS [of food detection] an uncursed scroll labeled ETAOIN SHRDLU [of remove curse] an uncursed scroll labeled GARVEN DEH [of teleportation] 2 uncursed scrolls labeled JUYED AWK YACC [of magic mapping] an [uncursed] scroll labeled LEP GEX VEN ZEA [of enchant armor] an uncursed scroll of create monster a cursed scroll of create monster an uncursed scroll of genocide a blessed scroll of light a blessed unlabeled scroll [of blank paper] 5 uncursed unlabeled scrolls [of blank paper] an uncursed black potion [of see invisible] an [uncursed] brown potion [of polymorph] an [uncursed] dark potion [of extra healing] an uncursed potion of monster detection an uncursed potion of paralysis an uncursed potion of sleeping an [uncursed] viscous potion [of healing] a cursed white potion [of sickness] an uncursed ring called agate 200 named !c [of free action] an [uncursed] ring called citrine 200 [of regeneration] an uncursed ring called steel 100 named !c [of sustain ability] a blessed -2 ring of gain wisdom an uncursed ring of polymorph control an uncursed can of grease [0:23] an uncursed black gem [worthless glass] an uncursed black gem [obsidian] an uncursed orange gem [worthless glass] an uncursed violet gem [worthless glass] Spells known in the end: Name Level Category Fail Memory a - force bolt 1 attack 0% [||||||..] b - magic missile 2 attack 0% [||||||..] c - confuse monster 2 enchantment 0% [||||||..] Your skills at the end: Fighting Skills Weapon Skills dagger [Skilled / Expert] quarterstaff [Basic / Expert] Spellcasting Skills attack spells [Basic / Expert] enchantment spells [Basic / Skilled] Final Attributes: You were piously aligned. Hunger level was 1201. Your alignment was 47 / 47. Monster difficulty range was 1 - 9. Level difficulty was 9. You resisted cold. You were magic-protected. You had automatic searching. You had infravision. You aggravated monsters. You were held by an owlbear. You were unlucky (-1). You are dead. Vanquished creatures: 2 small mimics a gelatinous cube a large dog a freezing sphere 3 ettin zombies 2 leather golems a soldier a giant beetle a wolf a spotted jelly 3 leprechauns a horse 2 ice vortices a vampire bat 2 dwarf mummies a brown pudding an owlbear a yeti a gold golem a werewolf a lizard 2 chickatrices a dog a dingo a housecat a blue jelly a white unicorn a black unicorn a raven a gnome mummy 3 apes 2 human zombies 3 Woodland-elves a wood nymph a water nymph 2 mountain nymphs 4 Mordor orcs 9 Uruk-hai 3 enormous rats a pony 3 fog clouds 2 yellow lights a shrieker 3 gnome lords a kobold mummy a red naga hatchling a black naga hatchling a barrow wight 3 elf zombies a ghoul a straw golem 2 paper golems 3 giant ants a little dog 2 floating eyes a kitten 4 dwarves 2 homunculi 2 kobold lords 2 kobold shamans 7 hill orcs a rothe 2 rabid rats 8 orc zombies a dwarf zombie a wererat 4 iguanas 14 killer bees an acid blob 3 coyotes 2 hobbits 3 hobgoblins 2 cave spiders 2 brown molds 4 yellow molds a green mold 7 gnomes 2 geckos 5 jackals a kobold 2 goblins 17 grid bugs 2 bats 2 lichens a kobold zombie 5 newts 205 creatures vanquished. Voluntary challenges: You used a wielded weapon 247 times. You read items or engraved 2 times. You put on armor 17 times. You never genocided any monsters. You never polymorphed an object. You never changed form. You used no wishes. You never wrote Elbereth's name. You never encountered a bones level. You never used any Sokoban shortcuts. Dungeon overview: The Dungeons of Doom: levels 1 to 9 Level 1 a long staircase Level 3 a general store, a sink stairs to The Gnomish Mines Level 4 a delicatessen, a fountain Level 5 a music store Level 6 some fountains Level 7 a fountain Level 8 many fountains Level 9 <- You were here The Gnomish Mines: levels 4 to 6 Level 4 stairs to The Dungeons of Doom Level 6 many shops, a temple to Thoth, a magic chest, some fountains, many trees History has recorded: On T:1 you entered the Dungeons of Doom to retrieve the Amulet of Yendor! On T:267 you reached level 3 of The Dungeons of Doom. On T:328 you advanced to experience level 2. On T:422 you reached level 2 of The Dungeons of Doom. On T:1031 you advanced to experience level 3. On T:1138 you reached level 1 of The Gnomish Mines. On T:1151 you advanced to experience level 4. On T:1414 you reached level 2 of The Gnomish Mines. On T:1424 you advanced to experience level 5. On T:1889 you advanced to experience level 6. On T:2281 you reached level 3 of The Gnomish Mines. On T:2613 you advanced to experience level 7. On T:3530 you advanced to experience level 8. On T:3778 you reached level 4 of The Dungeons of Doom. On T:5104 you received Magicbane from Thoth. On T:5174 you advanced to experience level 9. On T:6239 you reached level 5 of The Dungeons of Doom. On T:6602 you reached level 6 of The Dungeons of Doom. On T:6885 you reached level 7 of The Dungeons of Doom. On T:7106 you reached level 8 of The Dungeons of Doom. On T:7551 you reached level 9 of The Dungeons of Doom. Latest messages: The probe is insightful. Status of the freezing sphere (neutral): Level 6 HP 13(13) AC 4. The freezing sphere is not carrying anything. The freezing sphere explodes! You duck some of the blast. [HP-4=51] [HP+1=52] You see a door open. The owlbear hits! (2x) [HP-18=34] The owlbear hits! (2x) The owlbear grabs you! [HP-12=22] The magic missile hits the owlbear! The owlbear hits! (2x) You are being crushed. [HP-19=3] You begin praying to Thoth. The owlbear hits! You die... The sack is empty. Final status: Goodbye Mandevil the Wizard... You died in The Dungeons of Doom on dungeon level 9 with 13995 points, and 860 pieces of gold, after 7589 moves. You were level 9 with a maximum of 80 hit points when you died.